 Dungeon Crawl Stone Soup version 0.28-a0-1412-gf95308ed99 (webtiles) character file.

Game seed: 8533989687559890427

7068 Lekart the Cleaver (level 10, -2/95 HPs)
             Began as a Grey Draconian Fighter on Jan 7, 2022.
             Was an Elder of Yredelemnul.
             Slain by Erolcha (25 damage)
             ... on level 9 of the Dungeon.
             The game lasted 00:23:28 (10295 turns).

Lekart the Cleaver (Grey Draconian Fighter)        Turns: 10295, Time: 00:23:29

Health: -2/95      AC: 14    Str: 19    XL:     10   Next: 83%
Magic:  11/12      EV: 11    Int: 11    God:    Yredelemnul [****..]
Gold:   483        SH: 11    Dex: 19    Spells: 9/9 levels left

rFire   . . .      SeeInvis .   a - +0 war axe
rCold   . . .      Faith    .   p - +1 kite shield {reflect}
rNeg    . . .      Spirit   .   (armour unavailable)
rPois   .          Reflect  +   (helmet restricted)
rElec   .          Harm     .   (no cloak)
rCorr   +          Rampage  .   u - +0 pair of gloves
Will    .....                   k - +0 pair of boots
Stlth   ++........              (no amulet)
HPRegen 0.25/turn               t - ring of Suspected Treachery {rCorr Int+3 Dex+4}
MPRegen 0.13/turn               (no ring)

@: no status effects
A: AC +12, amphibious, unfitting armour, cold-blooded
a: Renounce Religion, Recall Undead Harvest, Dark Bargain, Drain Life


You were on level 9 of the Dungeon.
You worshipped Yredelemnul.
Yredelemnul was noncommittal.
You visited 2 branches of the dungeon, and saw 10 of its levels.

You collected 483 gold pieces.

Inventory:

Hand Weapons
 a - a +0 war axe (weapon)
 j - a +1 great sword of electrocution
Missiles
 n - 54 poisoned darts
 w - 5 javelins (quivered)
Armour
 b - the -2 pair of boots of Card Tricks {rF+++}
   (You found it on level 8 of the Dungeon)

   rF:        It renders you almost immune to fire.
 k - a +0 pair of boots (worn)
 p - a +1 kite shield of reflection (worn)
 u - a +0 pair of gloves (worn)
Jewellery
 g - a ring of positive energy
 q - a ring of magical power
 t - the ring of Suspected Treachery (left hand) {rCorr Int+3 Dex+4}
   (You found it on level 5 of the Dungeon)

   [ring of resist corrosion]

   Int:       It affects your intelligence (+3).
   Dex:       It affects your dexterity (+4).
   rCorr:     It protects you from acid and corrosion.
 y - a ring of poison resistance
Wands
 d - a wand of iceblast (8)
 h - a wand of polymorph (2)
 v - a wand of mindburst (19)
Scrolls
 e - 3 scrolls of teleportation
 i - 3 scrolls of immolation
 o - 5 scrolls of identify
 s - a scroll of amnesia
Potions
 c - a potion of invisibility
 f - 2 potions of magic
 l - 2 potions of resistance {unknown}
 m - a potion of lignification {unknown}
 r - a potion of might
 x - a potion of attraction {unknown}
 z - 2 potions of haste {unknown}


   Skills:
 * Level 11.0 Fighting
 + Level 11.0 Axes
 + Level 6.6 Throwing
 - Level 2.7 Dodging
 - Level 4.0 Shields
 * Level 2.8 Invocations
 + Level 1.3 Evocations


You had 9 spell levels left.
You didn't know any spells.
Your spell library contained the following spells:

 Spells                   Type           Power      Damage    Failure   Level
 Summon Guardian Golem    Hex/Summ       0%         N/A       97%         3
 Orb of Destruction       Conj           0%         N/A       100%        7
 Spellforged Servitor     Conj/Summ      0%         N/A       100%        7


Dungeon Overview and Level Annotations

Branches:
Dungeon (9/15)             Temple (1/1) D:7
   Lair: D:8-11         Orc: D:9-12

Altars:
Cheibriados
Dithmenos
Fedhas
Gozag
Hepliaklqana
Kikubaaqudgha
Makhleb
Nemelex Xobeh
Okawaru
Qazlal
Ru
Sif Muna
Trog
Uskayaw
Vehumet
Wu Jian
Xom
Yredelemnul
Zin
The Shining One

Shops:
D:3 *

Annotations:
D:6 exclusion: downstairs
D:9 Erolcha


Innate Abilities, Weirdness & Mutations

Your dull iron-grey scales are very hard. (AC +12)
You are amphibious.
You cannot fit into any form of body armour.
You are cold-blooded and may be slowed by cold attacks.


Message History

What are your orders? t - Shout!
Orders for allies: a - Attack new target. r - Retreat! s - Stop attacking. g - Guard the area. f - Follow me.
Anything else - Cancel.
Gang up on whom?
Press: ? - help, Dir - move target There's nothing there!
You swap places.
Something hits your kobold zombie!!
Your kobold zombie is destroyed!
Your kobold zombie barely misses something.
You block something's attack.
Your kobold zombie hits something but does no damage.
You barely miss something. You tail-slap something. Something hits you!
Your kobold zombie hits something but does no damage.
You slash something!
You hear some strange, mumbled words.
Something tries to affect you, but you resist.
Your kobold brigand zombie hits something but does no damage.
Something hits you!
You hit something but do no damage.
Your kobold zombie hits something but does no damage.
Your kobold brigand zombie closely misses something.
You block something's attack.
You hit something.
Your kobold zombie hits something but does no damage.
Your kobold brigand zombie hits something.
Something hits you!
* * * LOW HITPOINT WARNING * * *
You slash something!
Your kobold zombie closely misses something.
Your kobold brigand zombie barely misses something.
You hit something but do no damage. You tail-slap something.
Something hits you but does no damage.
Your kobold zombie closely misses something.
Your kobold brigand zombie barely misses something.
You slash something!
Your tail-slap misses something.
Something hits you!!
You die...
Your body rises from the dead as a mindless zombie.

ZZZZ.......+
####.......# #.......#
#.......# #.......#
##.###### #.....##
###+#######
#......###ZZ........
#......#.'ZZ@.......
###......#.#ZZZ{......
###ZZ.._...#.#.ZZZ......
.ZZ.#Z.....#Z#..........
#####...Z..#.#[>........
#...ZZ.Z.#..........
#......###..........
######## #..........


You could see a friendly bullfrog zombie, 4 friendly kobold zombies, 4 friendly
kobold brigand zombies and a friendly kobold demonologist zombie.

Vanquished Creatures
  A kobold demonologist (D:9)
  Prince Ribbit (D:5)
  Sigmund (D:3)
  2 wyverns (D:8)
  3 yaks
  A steam dragon (D:6)
  An acid dragon (D:9)
  3 water moccasins
  An ice beast (D:7)
  3 orc warriors
  4 black bears
  2 sky beasts (D:7)
  2 necrophages
  2 centaurs
  A phantom (D:6)
  13 kobold brigands (D:9)
  3 scorpions
  2 bullfrogs
  2 water moccasin skeletons
  3 killer bees
  4 wights
  2 howler monkeys
  A jelly (D:5)
  2 centaur zombies (D:6)
  6 hounds
  3 bullfrog skeletons
  3 orc priests (D:7)
  2 centaur skeletons
  4 iguanas
  7 orc wizards
  Ijyb (D:4)
  Robin (D:3)
  15 gnolls
  A howler monkey skeleton (D:5)
  7 adders
  2 shadow imps (D:8)
  A white imp (D:7)
  An ufetubus (D:7)
  An adder skeleton (D:5)
  3 worms
  5 dart slugs
  24 orcs
  5 endoplasms
  3 giant cockroaches
  10 goblins
  10 hobgoblins
  5 quokkas
  4 ball pythons
  10 bats
  2 frilled lizards
  14 kobolds
  8 rats
218 creatures vanquished.

Vanquished Creatures (collateral kills)
  3 yaks
  2 vampire mosquitoes (D:8)
  An ogre (D:8)
  2 kobold brigands
  2 killer bees (D:8)
  2 howler monkeys (D:9)
  A killer bee zombie (D:8)
  2 orcs (D:8)
  17 kobolds
32 creatures vanquished.

Vanquished Creatures (others)
  A yak zombie (D:8)
  An acid dragon zombie (D:9)
  A spectral shadow imp (D:8)
  10 kobold zombies (D:9)
  3 orc zombies (D:8)
16 creatures vanquished.

Grand Total: 266 creatures vanquished

Notes
Turn   | Place    | Note
-------+----------+-------------------------------------------
     0 | D:1      | Lekart the Draconian Fighter began the quest for the Orb.
     0 | D:1      | Reached XP level 1. HP: 19/19 MP: 1/1
   252 | D:1      | Reached XP level 2. HP: 23/27 MP: 2/2
   918 | D:2      | Reached XP level 3. HP: 33/33 MP: 3/3
  1330 | D:2      | Reached XP level 4. HP: 41/41 MP: 4/4
  1624 | D:3      | Noticed Robin
  1639 | D:3      | Killed Robin
  1640 | D:3      | Reached skill level 1 in Throwing
  1912 | D:3      | Found Cyumut's Assorted Antiques.
  2189 | D:3      | Reached XP level 5. HP: 21/47 MP: 5/5
  2457 | D:3      | Noticed Sigmund
  2464 | D:3      | Killed Sigmund
  2465 | D:3      | Reached skill level 5 in Fighting
  2465 | D:3      | Reached XP level 6. HP: 39/56 MP: 6/6
  2890 | D:4      | Noticed Ijyb
  2910 | D:4      | Killed Ijyb
  3344 | D:4      | Reached skill level 5 in Axes
  3344 | D:4      | Your scales start taking on a dull iron-grey colour.
  3344 | D:4      | Reached XP level 7. HP: 56/62 MP: 7/7
  3434 | D:4      | Found an ancient bone altar of Kikubaaqudgha.
  3434 | D:4      | Found a shimmering altar of Xom.
  3442 | D:4      | Found a faded altar of an unknown god.
  3444 | D:4      | Found a radiant altar of Vehumet.
  3446 | D:4      | Found a faded altar of an unknown god.
  3481 | D:4      | Found a sparkling altar of Nemelex Xobeh.
  3884 | D:5      | Entered Level 5 of the Dungeon
  4054 | D:5      | Found a sacrificial altar of Ru.
  4091 | D:5      | Identified the ring of Suspected Treachery {rCorr Int+3
                  | Dex+4}
  4387 | D:5      | Noticed Prince Ribbit
  4528 | D:5      | Reached XP level 8. HP: 55/71 MP: 8/8
  5415 | D:6      | Reached skill level 5 in Throwing
  5493 | D:6      | Reached XP level 9. HP: 79/79 MP: 9/9
  6613 | D:5      | Found a glowing golden altar of the Shining One.
  6728 | D:5      | Killed Prince Ribbit
  7297 | D:7      | Found a shimmering blue altar of Sif Muna.
  8188 | D:7      | Found a staircase to the Ecumenical Temple.
  8196 | Temple   | Entered the Ecumenical Temple
  8300 | Temple   | Became a worshipper of Yredelemnul the Dark
  8374 | D:7      | Reached skill level 1 in Evocations
  8403 | D:7      | Reached * piety under Yredelemnul
  8708 | D:8      | Reached XP level 10. HP: 71/91 MP: 10/10
  8712 | D:8      | Reached ** piety under Yredelemnul
  8718 | D:8      | Reached *** piety under Yredelemnul
  8862 | D:8      | Reached skill level 10 in Fighting
  9103 | D:8      | Noticed a tengu warrior
  9106 | D:8      | a tengu warrior changed into a wyvern
  9165 | D:8      | Found the +18 Lear's hauberk
  9180 | D:8      | Got the -2 pair of boots of Card Tricks {rF+++}
  9269 | D:8      | Reached skill level 10 in Axes
  9269 | D:8      | Reached skill level 1 in Invocations
  9754 | D:9      | Reached **** piety under Yredelemnul
  9755 | D:9      | Reached ***** piety under Yredelemnul
 10259 | D:9      | Found a burning altar of Makhleb.
 10276 | D:9      | Noticed Erolcha
 10295 | D:9      | Slain by Erolcha

Illustrated notes

Levels and vault maps discovered:
D:1:      dpeg_arrival_concentric_ovals, layout_basic, grunt_decor_junction
D:2:      layout_loops_ring
D:3:      layout_basic, serial_shops, nicolae_shop_hallway_stairs,
          minmay_misc_feat_tower, fountainhead, uniq_sigmund, uniq_robin
D:4:      layout_basic, kennysheep_mini_moat,
          chequers_temple_overflow_minitemple, uniq_ijyb
D:5:      minmay_chambers_of_fours, layout_loops_ring,
          nicolae_ru_great_annihilating_truth, general_overflow_altar,
          roderic_roman_lattice, uniq_prince_ribbit1
D:6:      layout_cave_pools, st_stairs_11, chequers_serial_rivers_micro_a,
          bh_walls_and_bars
D:7:      layout_layer_cave, overflow_temple_1_default,
          minmay_temple_entry_enclosed_plants, nicolae_fountain_basement
D:8:      layout_cave_pools, hellmonk_guarded_unrand_lears
D:9:      layout_roguey [special_room_kobold], bloody_makhleb, uniq_erolcha
Temple:   nicolae_temple_x_marks_the_god

Skill      XL: |  1  2  3  4  5  6  7  8  9 10 |
---------------+-------------------------------+-----
Fighting       | 4 5 6 7 9 11 | 11.0
Throwing       | 1 2 3 5 6 |  6.6
Axes           | 3 5 6 7 9 11 | 11.0
Shields        | 4 |  4.0
Evocations     | 1 |  1.3
Invocations    | 2 |  2.8
Dodging        | |  2.7

Action                   |  1- 3 |  4- 6 |  7- 9 | 10-12 || total
-------------------------+-------+-------+-------+-------++-------
Melee: War axe           |    49 |   122 |   297 |   122 ||   590
       Tailslap          |     3 |    20 |    48 |    26 ||    97
Throw: Boomerang         |    56 |    17 |   120 |       ||   193
       Dart              |       |    37 |    10 |       ||    47
       Javelin           |       |       |    21 |       ||    21
Invok: Recall Undead Har |       |       |       |     5 ||     5
       Dark Bargain      |       |       |       |     2 ||     2
Evoke: Wand              |       |       |    11 |     3 ||    14
  Use: Potion            |       |     1 |     7 |     1 ||     9
       Scroll            |       |       |     9 |     1 ||    10
 Stab: Sleeping          |       |     2 |     3 |       ||     5
       Distracted        |       |       |     2 |     3 ||     5
Armor: Skin              |    11 |    47 |   147 |    62 ||   267
Dodge: Dodged            |    31 |    92 |   196 |    90 ||   409
Block: Buckler           |    12 |    40 |    95 |    10 ||   157
       Kite shield       |       |       |       |    67 ||    67
       Reflection        |       |       |       |     2 ||     2

Table legend: (Time is in decaauts)
 A = Elapsed time spent in this place.
 B = Non-inter-level travel time spent in this place.
 C = Inter-level travel time spent in this place.
 D = Time resting spent in this place.
 E = Time spent auto-exploring this place.
 F = Levels seen in this place.
 G = Mean time per level.
                   A        B        C        D        E       F      G
               +--------+--------+--------+--------+--------+-----+--------+
         Total |  10486 |  10098 |    388 |   2194 |   5743 |  10 | 1048.6 |
       Dungeon |  10378 |   9990 |    388 |   2194 |   5697 |   9 | 1153.1 |
        Temple |    108 |    108 |      0 |      0 |     46 |   1 |  108.0 |
               +--------+--------+--------+--------+--------+-----+--------+

Top non-repeatable levels by time:
     D:6: 1684 daAuts
     D:5: 1647 daAuts
     D:4: 1364 daAuts
     D:3: 1312 daAuts
     D:7: 1176 daAuts
     D:8: 1066 daAuts
     D:1: 890 daAuts
     D:2: 649 daAuts
     D:9: 587 daAuts
  Temple: 108 daAuts
